 Dungeon Crawl Stone Soup version 0.23.2-40-g277498a001 (webtiles) character file.

Game seed: 796995099982891990

4656 maxquad the Basher (level 10, 0/87 HPs)
             Began as a Deep Dwarf Berserker on Aug 16, 2019.
             Was an Elder of Trog.
             Killed from afar by an electric eel (6 damage)
             ... with a bolt of electricity
             ... on level 1 of the Lair of Beasts.
             The game lasted 00:25:04 (6293 turns).

maxquad the Basher (Deep Dwarf Berserker)           Turns: 6293, Time: 00:25:05

Health: 0/87       AC: 14    Str: 21    XL:     10   Next: 20%
Magic:  3/3 (10)   EV:  7    Int:  8    God:    Trog [****..]
Gold:   78         SH:  0    Dex: 18    Spells: 9/9 levels left

rFire    . . .     SeeInvis .   S - +7 flail of Strategic Superiority {antimagic, rC+ Dex+3}
rCold    + . .     Gourm    .   (no shield)
rNeg     . . .     Faith    .   F - +0 plate armour
rPois    .         Spirit   .   (no helmet)
rElec    .         Reflect  .   p - +2 cloak
rCorr    .         Harm     .   (no gloves)
MR       +++..                  (no boots)
Stlth    ..........             (no amulet)
HPRegen  1.00/turn              (no ring)
MPRegen  0.08/turn              (no ring)

@: berserk cooldown, non-regenerating, slowed, very slow
A: damage resistance, heal wounds, sense surroundings 2, no regeneration
a: Heal Wounds, Berserk, Trog's Hand, Brothers in Arms, Renounce Religion


You were on level 1 of the Lair of Beasts.
You worshipped Trog.
Trog was greatly pleased with you.
You were hungry.

You visited 2 branches of the dungeon, and saw 10 of its levels.

You collected 490 gold pieces.
You spent 412 gold pieces at shops.

Inventory:

Hand Weapons
 a - a +3 mace
 D - the +7 mace of Variability {chain chaos}
   (You found it on level 5 of the Dungeon)

   Each time it hits an enemy it has a different, random effect.
 S - the +7 flail of Strategic Superiority (weapon) {antimagic, rC+ Dex+3}
   (You bought it in a shop on level 9 of the Dungeon)

   It reduces the magical energy of the wielder, and disrupts the spells and
   magical abilities of those hit.
   Natural abilities and divine invocations are not affected.
   It affects your dexterity (+3).
   It protects you from cold.
Missiles
 O - a throwing net (quivered)
Armour
 p - a +2 cloak (worn)
 F - a +0 plate armour (worn)
Jewellery
 K - an uncursed amulet of the gourmand {unknown}
 P - a +6 ring of dexterity {unknown}
Wands
 e - a wand of acid (7)
 v - a wand of polymorph (7)
 y - a wand of iceblast (5)
 G - a wand of digging (6)
 T - a wand of enslavement (5)
Scrolls
 d - 2 scrolls of identify
 f - a scroll of enchant weapon
 g - 7 scrolls of remove curse
 j - 4 scrolls of blinking
 B - a scroll of fog
 H - 4 scrolls of amnesia
 I - 3 scrolls of teleportation
 U - a scroll of fear
 V - a scroll of immolation
Potions
 k - 3 potions of agility
 l - a potion of ambrosia
 m - 4 potions of lignification
 n - 4 potions of heal wounds
 q - 5 potions of mutation
 t - 10 potions of curing
 w - 2 potions of haste
 L - a potion of cancellation
 M - a potion of might
 Q - a potion of invisibility
Comestibles
 b - 6 chunks of flesh
 c - 16 rations


   Skills:
 + Level 4.8 Fighting
 - Level 14.0 Maces & Flails
 - Level 2.2 Armour
 - Level 2.2 Dodging


You had 9 spell levels left.
You didn't know any spells.
Your spell library contained the following spells:

 Spells                   Type           Power        Failure   Level  Hunger
 Beastly Appendage        Tmut           #.....       100%        1    ##.....
 Sticks to Snakes         Tmut           #.......     100%        2    ###....
 Spider Form              Tmut/Pois      #.........   100%        3    ####...
 Ice Form                 Ice/Tmut       #.......     100%        4    #####..
 Blade Hands              Tmut           #.........   100%        5    ######.


Dungeon Overview and Level Annotations

Branches:
Dungeon (9/15)             Temple (0/1) D:4            Lair (1/6) D:8
    Orc: D:9-12

Altars:
Ashenzari
Cheibriados
Elyvilon
Fedhas
Gozag
Hepliaklqana
Okawaru
Qazlal
Ru
Trog
Uskayaw

Shops:
D:9 :(?}}

Annotations:
D:2 exclusion: worm


Innate Abilities, Weirdness & Mutations

You are resistant to damage.
You can heal yourself by infusing magical energy.
You passively map the area around you.
You do not regenerate.


Message History

You are no longer berserk.
You are exhausted.
You feel yourself slow down.
You closely miss the electric eel.
The electric eel shoots out a bolt of lightning at you!
The bolt of electricity hits you.
* * * LOW HITPOINT WARNING * * *
Your skin crawls.
You feel resistant to hostile enchantments.
You feel somewhat more hungry.
The electric eel shoots out a bolt of lightning at you!
The bolt of electricity hits you!
* * * LOW HITPOINT WARNING * * *
The electric eel shoots out a bolt of lightning at you!
The bolt of electricity hits you!
* * * LOW HITPOINT WARNING * * *
Your plate armour prevents you from hitting the electric eel.
The electric eel shoots out a bolt of lightning at you!
The bolt of electricity hits you!
You die...

* , ,
##.......$.........#
.#..................#*
* ,* ,
....................#
* ,
,,...........†.......#
, ,
#.......$.........# ,
,,##..................
** #..................
, ,,,*
..##...........!.....*
,
.......@..##.####.#.#
, , ≈≈≈≈≈≈;..#####
#### ,≈≈≈r≈≈≈..# ,
≈≈≈≈≈≈≈... ≈≈≈≈≈≈≈..##
, ,≈≈≈≈≈≈≈..#
≈≈≈≈≈≈≈..# ,,
,≈≈≈≈≈≈≈..# , ,, , *


You could see a porcupine and an electric eel.

Vanquished Creatures
  A komodo dragon (Lair:1)
  A spiny frog (Lair:1)
  A troll (D:9)
  3 hippogriffs
  An acid dragon (D:8)
  Edmund (D:5)
  2 water moccasins
  A sky beast (D:6)
  An ice beast (D:9)
  6 ogres
  2 centaurs (D:9)
  2 crocodiles
  A big kobold (D:6)
  2 bullfrogs
  A wyvern skeleton (D:6)
  A scorpion (D:6)
  A water moccasin skeleton (D:7)
  14 killer bees
  An electric eel (Lair:1)
  2 howler monkeys
  2 crimson imps
  A centaur zombie (D:6)
  4 bullfrog zombies
  3 jellies
  2 bullfrog skeletons
  3 orc wizards
  2 iguanas
  7 worker ants
  A worker ant zombie (D:9)
  A gnoll (D:5)
  6 adders
  2 shadow imps
  An adder skeleton (D:7)
  3 worms (D:4)
  5 dart slugs
  6 leopard geckos
  24 orcs
  4 bats
  5 giant cockroaches
  3 goblins
  4 hobgoblins
  11 jackals
  6 quokkas
  9 frilled lizards
  A jackal skeleton (D:6)
  7 kobolds
  A leopard gecko skeleton (D:7)
  A leopard gecko zombie (D:6)
  9 rats
179 creatures vanquished.

Notes
Turn   | Place    | Note
-------+----------+-------------------------------------------
     0 | D:1      | maxquad the Deep Dwarf Berserker began the quest for the
                  | Orb.
     0 | D:1      | Reached XP level 1. HP: 20/20 MP: 1/1
   139 | D:1      | Reached XP level 2. HP: 21/27 MP: 2/2
   742 | D:2      | Reached skill level 4 in Maces & Flails
   800 | D:2      | Found an iron altar of Okawaru.
   807 | D:2      | Reached XP level 3. HP: 17/33 MP: 3/3
   841 | D:2      | Reached ** piety under Trog
  1346 | D:3      | Reached XP level 4. HP: 34/40 MP: 4/4
  1498 | D:3      | Found a snail-covered altar of Cheibriados.
  1551 | D:3      | Reached skill level 5 in Maces & Flails
  1960 | D:4      | Reached XP level 5. HP: 34/48 MP: 5/5
  1969 | D:4      | Reached *** piety under Trog
  2092 | D:4      | Reached skill level 6 in Maces & Flails
  2326 | D:4      | Noticed a moth of wrath
  2329 | D:4      | Found a bloodstained altar of Trog.
  2534 | D:4      | Found a staircase to the Ecumenical Temple.
  2801 | D:5      | Entered Level 5 of the Dungeon
  2811 | D:5      | Found the +7 mace of Variability {chain chaos}
  2842 | D:5      | Found a stormy altar of Qazlal.
  2843 | D:5      | Found a sacrificial altar of Ru.
  2852 | D:5      | Reached XP level 6. HP: 45/55 MP: 6/6
  3013 | D:5      | Reached skill level 7 in Maces & Flails
  3393 | D:5      | Found a hazy altar of Hepliaklqana.
  3424 | D:5      | Noticed Edmund
  3430 | D:5      | Killed Edmund
  3430 | D:5      | Reached skill level 8 in Maces & Flails
  3430 | D:5      | Reached XP level 7. HP: 50/61 MP: 7/7
  3764 | D:6      | Reached skill level 9 in Maces & Flails
  3892 | D:6      | Found a shattered altar of Ashenzari.
  3950 | D:6      | Found a white marble altar of Elyvilon.
  4091 | D:6      | Reached XP level 8. HP: 40/68 MP: 8/8
  4109 | D:6      | Reached skill level 10 in Maces & Flails
  4248 | D:7      | Found a blossoming altar of Fedhas.
  4349 | D:7      | Reached **** piety under Trog
  4741 | D:8      | Reached skill level 11 in Maces & Flails
  4778 | D:8      | Found a hide-covered altar of Uskayaw.
  4816 | D:8      | Found a staircase to the Lair.
  4852 | D:8      | Gained mutation: You passively map the area around you.
                  | [Deep Dwarf growth]
  4852 | D:8      | Reached XP level 9. HP: 48/74 MP: 9/9
  4911 | D:8      | Reached skill level 12 in Maces & Flails
  5173 | D:9      | Noticed a troll
  5182 | D:9      | Killed a troll
  5361 | D:9      | Reached skill level 13 in Maces & Flails
  5516 | D:9      | Found Igey's Antique Weapon Shop.
  5521 | D:9      | Bought a pitted flail for 272 gold pieces
  5521 | D:9      | Identified the +7 flail of Strategic Superiority
                  | {antimagic, rC+ Dex+3} (You bought it in a shop on level 9
                  | of the Dungeon)
  5551 | D:9      | Found an opulent altar of Gozag.
  5583 | D:9      | Found Goheshasue's Gadget Shoppe.
  5591 | D:9      | Bought a wand of enslavement (5) for 105 gold pieces
  5659 | D:9      | Found Umpi's Magic Scroll Shoppe.
  5659 | D:9      | Found Lihopux's Gadget Shop.
  5686 | D:9      | Bought a scroll of fear for 35 gold pieces
  5758 | D:9      | Found Decse's Book Shoppe.
  5982 | Lair:1   | Entered Level 1 of the Lair of Beasts
  6051 | Lair:1   | Reached skill level 14 in Maces & Flails
  6111 | Lair:1   | Reached XP level 10. HP: 14/82 MP: 3/10
  6178 | Lair:1   | Noticed a spiny frog
  6192 | Lair:1   | Killed a spiny frog
  6293 | Lair:1   | Killed from afar by an electric eel

Skill      XL: |  1  2  3  4  5  6  7  8  9 10 |
---------------+-------------------------------+-----
Maces & Flails | 4 5 6 8 9 11 14 | 14.0
Fighting       | 4 |  4.8
Armour         | |  2.2
Dodging        | |  2.2

Action                   |  1- 3 |  4- 6 |  7- 9 | 10-12 || total
-------------------------+-------+-------+-------+-------++-------
Melee: Mace              |   129 |   128 |       |       ||   257
       Great mace        |       |    30 |   153 |       ||   183
       Flail             |       |       |    52 |    29 ||    81
Invok: Trog's Hand       |     1 |     2 |     6 |     3 ||    12
       Berserk           |       |     3 |     3 |     3 ||     9
  Use: Scroll            |     9 |     7 |     6 |       ||    22
 Stab: Sleeping          |     1 |       |       |       ||     1
  Eat: Chunk             |     2 |     7 |    10 |       ||    19
       Ration            |       |     1 |     1 |     1 ||     3
Armor: Animal skin       |    25 |       |       |       ||    25
       Scale mail        |    14 |     9 |       |       ||    23
       Chain mail        |       |    75 |       |       ||    75
       Plate armour      |       |     9 |   164 |    12 ||   185
Dodge: Dodged            |    79 |    55 |    82 |     6 ||   222
